 Dungeon Crawl Stone Soup version 0.22.1-1-ga44c0e5 (webtiles) character file.

68956 Yerrow the Severer (level 14, -7/135 HPs)
             Began as a Minotaur Berserker on Oct 18, 2018.
             Was a High Priest of Trog.
             Mangled by whitenoisemaker's ghost (26 damage)
             ... on level 3 of the Spider Nest.
             The game lasted 02:19:24 (20630 turns).

Yerrow the Severer (Minotaur Berserker)            Turns: 20630, Time: 02:19:25

Health: -7/135     AC: 18    Str: 27    XL:     14   Next: 88%
Magic:  13/13      EV: 20    Int:  4    God:    Trog [*****.]
Gold:   1466       SH:  4    Dex: 10    Spells: 13/13 levels left

rFire    . . .     SeeInvis +   P - +1 hand axe of Namarph {holy, rPois rN+}
rCold    . . .     Gourm    .   s - +0 buckler
rNeg     + . .     Faith    +   V - +0 chain mail
rPois    +         Spirit   .   (helmet restricted)
rElec    .         Reflect  .   R - +0 cloak (curse)
rCorr    .         Harm     .   U - +0 pair of gloves
MR       +....                  f - +0 pair of boots
Stlth    ..........             d - amulet of faith
HPRegen  0.32/turn              K - ring of see invisible
MPRegen  0.13/turn              y - +6 ring of evasion

@: lethally poisoned (-7 -> -17), berserk cooldown, slowed, very slow
A: retaliatory headbutt, horns 2
a: Berserk, Trog's Hand, Brothers in Arms, Renounce Religion


You were on level 3 of the Spider Nest.
You worshipped Trog.
Trog was extremely pleased with you.
You were not hungry.

You visited 5 branches of the dungeon, and saw 21 of its levels.

You collected 1466 gold pieces.

Inventory:

Hand Weapons
 P - the +1 hand axe of Namarph (weapon) {holy, rPois rN+}
   (You took it off an orc wizard on level 7 of the Dungeon)

   It has been blessed by the Shining One to cause great damage to the undead
   and demons.
   It protects you from poison.
   It protects you from negative energy.
 Y - a +2 broad axe of electrocution
Missiles
 i - 435 stones
 G - 6 silver javelins
 N - 8 javelins of returning
 S - 5 javelins (quivered)
 X - a throwing net
 Z - 3 tomahawks of returning
Armour
 f - a +0 pair of boots (worn)
 s - a +0 buckler (worn)
 R - a cursed +0 cloak (worn)
 U - a +0 pair of gloves (worn)
 V - a +0 chain mail (worn)
Jewellery
 a - an uncursed ring of protection from cold
 d - an amulet of faith (around neck)
 o - a +5 ring of evasion
 y - a +6 ring of evasion (right hand)
 I - an uncursed ring of protection from fire
 K - a ring of see invisible (left hand)
 W - an uncursed ring of ice
Wands
 p - a wand of digging (29)
 r - a wand of paralysis (17)
 C - a wand of random effects (20)
 D - a wand of flame (68)
 F - a wand of disintegration (29)
Scrolls
 b - 5 scrolls of blinking
 h - 5 scrolls of enchant weapon
 k - 4 scrolls of magic mapping
 m - 3 scrolls of teleportation
 v - 12 scrolls of remove curse
 w - a scroll of identify
 x - a scroll of immolation
 E - a scroll of enchant armour
 M - 2 scrolls of fog
 Q - 2 scrolls of silence
Potions
 g - 5 potions of might
 j - 3 potions of invisibility
 l - 2 potions of ambrosia
 n - 4 potions of flight
 q - 9 potions of curing
 t - 7 potions of agility
 z - 2 potions of cancellation
 A - 3 potions of mutation
 B - 3 potions of lignification
 H - 3 potions of magic
 J - 3 potions of berserk rage
 O - 5 potions of heal wounds
 T - 2 potions of haste
Miscellaneous
 e - a fan of gales
 u - a phantom mirror
Comestibles
 c - 28 rations


   Skills:
 + Level 15.2 Fighting
 + Level 15.9 Axes
 - Level 8.0 Throwing
 + Level 15.6 Armour
 + Level 11.4 Dodging
 - Level 4.0 Shields
 - Level 0.1 Evocations


You had 13 spell levels left.
You didn't know any spells.
Your spell library was empty.

Dungeon Overview and Level Annotations

Branches:
Dungeon (10/15)            Temple (0/1) D:7            Lair (6/6) D:8
  Swamp (1/4) Lair:4       Spider (3/4) Lair:4        Slime (1/5) Lair:6
    Orc (0/2) D:10

Altars:
Ashenzari
Dithmenos
Makhleb
Okawaru
Ru
Trog
The Shining One
Jiyva

Shops:
D:7 [:

Annotations:
Lair:4 exclusion: 2 oklob plants
Lair:5 exclusion: oklob plant
Spider:3 whitenoisemaker's ghost, adept GnWr


Innate Abilities, Weirdness & Mutations

You reflexively headbutt those who attack you in melee.
You have a pair of horns on your head.


Message History

You closely miss the jumping spider.
Your headbutt misses the jumping spider.
The jumping spider is severely wounded.
You closely miss whitenoisemaker's ghost.
You feel sick. You block the jumping spider's attack.
The jumping spider bites you but does no damage.
Whitenoisemaker's ghost waves its arms in wide circles.
The air twists around and strikes you!
* * * LOW HITPOINT WARNING * * *
Wield which item (- for none, * to show all)? (? for menu, Esc to quit)
Okay, then.
There's nothing to open nearby.
Okay, then.
Put on which piece of jewellery? (? for menu, Esc to quit)
Okay, then.
There isn't anything here!
You eat one of the 29 rations.
That ration really hit the spot!
You feel sick. The jumping spider misses you.
You block the jumping spider's attack. Whitenoisemaker's ghost hits you!!
You die...

.#.##.##.#.####^### ...
#.#. #. #.#.^....## ....
#.#.##.##.#.<.....##....
#.#.......#.............
#.......#.#...........
#.###'†'###......)......
#.......†........^.....[
#####...††...^.†.....#!.
##..@s†.!.....#.##..
#≈#§W......#..###...
##^........####.....
##.....^...##......
#.#........#...^..
###....^...≈......
#.........#.....
#..........#.....
#...........# ...


You could see a jumping spider and whitenoisemaker's ghost.

Vanquished Creatures
  Gastronok (Lair:1)
  Kirke (Lair:4)
  A ghost moth (Spider:2)
  An emperor scorpion (Spider:2)
  2 hydras (Lair:6)
  3 catoblepae (Lair:6)
  2 two-headed ogres (D:9)
  A queen ant (Lair:3)
  3 death yaks (Lair:6)
  Urug (Lair:6)
  An unseen horror (D:10)
  A lindwurm (Lair:6)
  4 orb spiders
  3 manticores
  9 wolf spiders
  11 elephants
  A black mamba (Lair:1)
  2 torpor snails (Lair:6)
  10 spiny frogs
  6 rime drakes
  2 komodo dragons
  5 demonic crawlers
  A tengu conjurer (D:10)
  5 polar bears
  A troll (D:6)
  12 jumping spiders
  A meliai (Lair:4)
  18 blink frogs
  5 hornets
  2 dream sheep (Lair:6)
  Prince Ribbit (D:6)
  12 hippogriffs
  25 redbacks
  Eustachio (D:6)
  10 tarantellas
  2 wraiths
  23 yaks
  6 wyverns
  5 basilisks
  A hungry ghost (D:10)
  Edmund (D:4)
  2 wargs (D:8)
  4 soldier ants (Lair:3)
  9 water moccasins
  8 porcupines
  5 sky beasts (D:7)
  An ice beast (D:9)
  3 orc warriors
  A black bear (D:10)
  3 phantoms
  A necrophage (D:8)
  6 ogres
  15 wolves
  3 centaurs
  12 crocodiles
  Blork the orc (D:6)
  12 bullfrogs
  A gnoll sergeant (D:6)
  A wyvern zombie (D:10)
  6 scorpions
  34 killer bees
  A wight (D:7)
  5 electric eels
  3 howler monkeys
  4 crimson imps
  2 bullfrog zombies
  3 hounds
  8 orc priests
  A gnoll shaman (D:10)
  3 hell rats
  7 iguanas
  16 worker ants
  7 orc wizards
  2 hound zombies (D:7)
  2 hound skeletons (D:4)
  A worker ant zombie (D:9)
  18 gnolls
  8 adders
  4 shadow imps
  2 oozes
  An adder zombie (D:7)
  3 worms
  A dart slug (D:1)
  4 leopard geckos
  22 orcs
  4 giant cockroaches
  4 goblins
  5 hobgoblins
  3 jackals (D:6)
  10 quokkas
  A ball python (D:3)
  3 bats
  6 frilled lizards
  3 jackal skeletons
  6 kobolds
  2 quokka skeletons
  10 rats
  A fungus (Lair:6)
  A plant (Lair:1)
518 creatures vanquished.

Vanquished Creatures (collateral kills)
  Jorgrun (Spider:3)
  A ghost moth (Spider:3)
  A hydra (Lair:6)
  A death yak (Lair:6)
  3 wolf spiders
  An orb spider (Spider:1)
  A black mamba (Lair:6)
  A torpor snail (Spider:1)
  2 jumping spiders (Spider:1)
  A tarantella (Spider:3)
  6 redbacks
  A hog (Lair:4)
20 creatures vanquished.

Vanquished Creatures (others)
  A human (Lair:4)
  9 fungi
  19 plants
29 creatures vanquished.

Grand Total: 567 creatures vanquished

Notes
Turn   | Place    | Note
-------+----------+-------------------------------------------
     0 | D:1      | Yerrow the Minotaur Berserker began the quest for the Orb.
     0 | D:1      | Reached XP level 1. HP: 19/19 MP: 0/0
   391 | D:1      | Reached XP level 2. HP: 27/27 MP: 1/1
   738 | D:2      | Reached XP level 3. HP: 33/33 MP: 2/2
   770 | D:2      | Reached ** piety under Trog
  1333 | D:3      | Reached XP level 4. HP: 41/41 MP: 3/3
  1386 | D:3      | Found a shadowy altar of Dithmenos.
  1386 | D:3      | Found a burning altar of Makhleb.
  1538 | D:3      | Found a bloodstained altar of Trog.
  1624 | D:3      | Reached skill level 1 in Throwing
  1627 | D:3      | Reached skill level 5 in Axes
  1627 | D:3      | Reached XP level 5. HP: 37/47 MP: 4/4
  2121 | D:4      | Reached skill level 5 in Fighting
  2173 | D:4      | Reached *** piety under Trog
  2181 | D:4      | Reached XP level 6. HP: 49/56 MP: 5/5
  2657 | D:4      | Noticed Edmund
  2661 | D:4      | Killed Edmund
  2719 | D:4      | Reached XP level 7. HP: 61/61 MP: 6/6
  3049 | D:5      | Entered Level 5 of the Dungeon
  3058 | D:5      | Found an iron altar of Okawaru.
  3386 | D:5      | Received a gift from Trog
  3416 | D:5      | Reached skill level 5 in Armour
  3476 | D:5      | Reached **** piety under Trog
  4015 | D:5      | Reached XP level 8. HP: 63/71 MP: 7/7
  4031 | D:5      | Found a shattered altar of Ashenzari.
  4034 | D:5      | Found a glowing golden altar of the Shining One.
  4096 | D:6      | Noticed a troll
  4105 | D:5      | Reached skill level 5 in Dodging
  4115 | D:6      | Killed a troll
  4135 | D:6      | Noticed Blork the orc
  4145 | D:6      | Killed Blork the orc
  4243 | D:6      | Noticed Prince Ribbit
  4264 | D:6      | Killed Prince Ribbit
  4860 | D:6      | Noticed Eustachio
  4865 | D:6      | Killed Eustachio
  5201 | D:7      | Found a staircase to the Ecumenical Temple.
  5207 | D:7      | Reached XP level 9. HP: 79/79 MP: 8/8
  5225 | D:7      | Paralysed by a hornet for 1 turns
  5254 | D:6      | Reached skill level 5 in Throwing
  5546 | D:7      | Reached skill level 1 in Shields
  5554 | D:7      | Got an iridescent hand axe {holy}
  5590 | D:7      | Identified the +1 hand axe of Namarph {holy, rPois rN+}
                  | (You took it off an orc wizard on level 7 of the Dungeon)
  5639 | D:7      | Received a gift from Trog
  5644 | D:7      | Noticed a manticore
  5918 | D:7      | Killed a manticore
  6017 | D:7      | Found Muwket's Antique Armour Shop.
  6141 | D:7      | Reached XP level 10. HP: 90/90 MP: 9/9
  6234 | D:7      | Found Deref's Book Shoppe.
  6380 | D:8      | Reached ***** piety under Trog
  6812 | D:8      | Found a staircase to the Lair.
  6964 | D:8      | Found an iron altar of Okawaru.
  7726 | Lair:1   | Entered Level 1 of the Lair of Beasts
  7728 | Lair:1   | Noticed a spiny frog
  7739 | Lair:1   | Killed a spiny frog
  7807 | Lair:1   | Noticed a black mamba
  7818 | Lair:1   | Killed a black mamba
  7820 | Lair:1   | Noticed Gastronok
  7834 | Lair:1   | Killed Gastronok
  7834 | Lair:1   | Reached XP level 11. HP: 64/99 MP: 10/10
  8189 | Lair:1   | Reached skill level 10 in Fighting
  8189 | Lair:1   | Reached skill level 10 in Axes
  8225 | Lair:1   | HP: 1/99 [yak (11)]
  8860 | D:9      | Noticed a two-headed ogre
  8869 | D:9      | Killed a two-headed ogre
  9131 | D:9      | Received a gift from Trog
  9305 | D:9      | Noticed a two-headed ogre
  9313 | D:9      | Killed a two-headed ogre
  9313 | D:9      | Reached skill level 10 in Armour
  9649 | D:10     | Entered Level 10 of the Dungeon
  9988 | D:10     | Noticed an unseen horror
  9992 | D:10     | Killed an unseen horror
 10229 | D:10     | Found a staircase to the Orcish Mines.
 10384 | D:10     | Found a sacrificial altar of Ru.
 11045 | Lair:2   | Received a gift from Trog
 11052 | Lair:2   | Reached XP level 12. HP: 80/110 MP: 11/11
 11123 | Lair:2   | Reached skill level 10 in Dodging
 12144 | Lair:3   | Received a gift from Trog
 12186 | Lair:3   | Noticed a queen ant
 12214 | Lair:3   | Killed a queen ant
 12444 | Lair:4   | Noticed Kirke
 12452 | Lair:4   | Killed Kirke
 12599 | Lair:4   | Found a staircase to the Swamp.
 12609 | Lair:4   | Found a hole to the Spider Nest.
 13607 | Lair:4   | Reached XP level 13. HP: 116/118 MP: 12/12
 14213 | Swamp:1  | Entered Level 1 of the Swamp
 16016 | Lair:6   | Entered Level 6 of the Lair of Beasts
 16024 | Lair:6   | Noticed Urug
 16039 | Lair:6   | Killed Urug
 16043 | Lair:6   | Received a gift from Trog
 16286 | Lair:6   | Found a staircase to the Slime Pits.
 16291 | Lair:6   | Found a viscous altar of Jiyva.
 17073 | Lair:6   | Reached XP level 14. HP: 130/130 MP: 13/13
 17449 | Slime:1  | Entered Level 1 of the Pits of Slime
 17449 | Slime:1  | Noticed an azure jelly
 17449 | Slime:1  | Noticed an acid blob
 17974 | Spider:1 | Entered Level 1 of the Spider Nest
 17985 | Spider:1 | Received a gift from Trog
 18002 | Spider:1 | Reached skill level 15 in Axes
 18284 | Spider:1 | Received a gift from Trog
 18803 | Spider:2 | Noticed an emperor scorpion
 18827 | Spider:2 | Killed an emperor scorpion
 19167 | Spider:2 | Reached skill level 15 in Armour
 19199 | Spider:2 | Received a gift from Trog
 19671 | Spider:2 | Noticed a ghost moth
 19680 | Spider:2 | Killed a ghost moth
 20277 | Spider:2 | Reached skill level 15 in Fighting
 20464 | Spider:3 | Found a runed gate.
 20464 | Spider:3 | Noticed a ghost moth
 20468 | Spider:3 | Found a runed gate.
 20468 | Spider:3 | Found a runed gate.
 20528 | Spider:3 | Noticed whitenoisemaker's ghost (adept GnWr)
 20567 | Spider:3 | Noticed Jorgrun
 20577 | Spider:3 | Killed Jorgrun
 20594 | Spider:3 | Killed a ghost moth
 20630 | Spider:3 | Mangled by whitenoisemaker's ghost

Skill      XL: |  1  2  3  4  5  6  7  8  9 10 11 12 13 14 |
---------------+-------------------------------------------+-----
Axes           | 4 5 6 7 8 9 11 13 14 15 | 15.9
Fighting       | 4 5 6 7 8 9 11 12 13 15 | 15.2
Dodging        | 3 4 6 7 8 9 10 11 | 11.4
Throwing       | 1 2 3 4 5 7 8 |  8.0
Armour         | 3 4 5 6 7 9 10 12 14 15 | 15.6
Shields        | 3 4 |  4.0
Evocations     | |  0.1

Action                   |  1- 3 |  4- 6 |  7- 9 | 10-12 | 13-15 || total
-------------------------+-------+-------+-------+-------+-------++-------
Melee: Hand axe          |    81 |    81 |   280 |   604 |   633 ||  1679
       Headbutt          |    12 |    14 |    46 |   147 |   164 ||   383
       War axe           |       |       |       |    38 |       ||    38
       Broad axe         |       |       |       |       |     4 ||     4
Throw: Stone             |    15 |    15 |    59 |   362 |    89 ||   540
       Javelin           |       |       |       |    21 |   109 ||   130
       Throwing net      |       |       |       |       |     2 ||     2
Invok: Berserk           |     3 |     4 |     9 |    15 |    13 ||    44
       Trog's Hand       |       |       |     2 |     2 |     2 ||     6
       Brothers in Arms  |       |       |       |     1 |     4 ||     5
Evoke: Wand              |       |     1 |       |     2 |       ||     3
       Sack of spiders   |       |       |       |     2 |       ||     2
  Use: Scroll            |     2 |     2 |     6 |    10 |     7 ||    27
       Potion            |       |       |       |       |     1 ||     1
 Stab: Distracted        |       |       |       |     1 |       ||     1
  Eat: Chunk             |     4 |     6 |    13 |    35 |    25 ||    83
       Ration            |       |     1 |     2 |     1 |     4 ||     8
Armor: Animal skin       |    14 |     4 |       |       |       ||    18
       Leather armour    |       |     6 |       |       |       ||     6
       Scale mail        |       |     1 |    61 |    41 |       ||   103
       Chain mail        |       |       |       |    90 |   147 ||   237
Dodge: Dodged            |    43 |    46 |   275 |   426 |   495 ||  1285
Block: Buckler           |       |       |    15 |   105 |   113 ||   233
